 Dungeon Crawl Stone Soup version 0.30-a0-50-gb2d611f6b1 (webtiles) character file.

Game seed: 18341114326117385663

52 LnG the Trooper (level 3, 0/33 HPs)
             Began as a Hill Orc Fighter on Sept 5, 2022.
             Slain by an orc priest
             ... wielding a +0 flail
              (5 damage)
             ... on level 3 of the Dungeon.
             The game lasted 00:03:04 (2018 turns).

LnG the Trooper (Hill Orc Fighter)                  Turns: 2018, Time: 00:03:05

Health: 0/33       AC:  8    Str: 20    XL:     3   Next: 85%
Magic:  12/12      EV:  9    Int:  8    God:
Gold:   98         SH:  4    Dex: 10    Spells: 2/2 levels left

rFire   . . .      SeeInvis .    a - +0 war axe
rCold   . . .      Faith    .    c - +0 buckler
rNeg    . . .      Spirit   .    b - +0 scale mail
rPois   .          Reflect  .    (no helmet)
rElec   .          Harm     .    j - +0 cloak
rCorr   .          Rampage  .    (no gloves)
Will    .....                    (no boots)
Stlth   ..........               (no amulet)
HPRegen 0.11/turn                g - ring of magical power
MPRegen 0.13/turn                (no ring)

@: no status effects
A: no striking features
a: Convert to Beogh


You were on level 3 of the Dungeon.
You visited 1 branch of the dungeon, and saw 3 of its levels.

You collected 98 gold pieces.

Inventory:

Hand Weapons
 a - a +0 war axe (weapon)
Armour
 b - a +0 scale mail (worn)
 c - a +0 buckler (worn)
 j - a +0 cloak (worn)
Jewellery
 g - a ring of magical power (left hand)
Scrolls
 e - a scroll of identify
 h - a scroll of vulnerability
 k - a scroll of fog {unknown}
 l - a scroll of poison {unknown}
 m - a scroll of immolation {unknown}
 n - a scroll of fear {unknown}
Potions
 d - 2 potions of might
 f - a potion of mutation
 i - a potion of haste {unknown}


   Skills:
 + Level 4.1 Fighting
 + Level 4.1 Axes
 + Level 3.7 Armour
 + Level 0.1 Dodging
 + Level 0.1 Stealth
 + Level 3.5 Shields


You had 2 spell levels left.
You didn't know any spells.
Your spell library contained the following spells:

 Spells                   Type           Power      Damage    Failure   Level
 Ensorcelled Hibernation  Hex/Ice        0%         N/A       94%         2
 Passwall                 Tmut/Erth      0%         N/A       94%         2
 Swiftness                Air            0%         N/A       99%         3


Dungeon Overview and Level Annotations

Branches:
Dungeon (3/15)

Altars:
Kikubaaqudgha


Message History

You slash the quokka!
You kill the quokka!
No target in view!
You open the door. 2 orcs come into view.
The orc shouts! x2
An orc priest comes into view. It is wielding a +0 flail.
The orc priest shouts, "Beogh is our master!
Accept the truth or die!" (press Y on the ability menu to convert to Beogh)
The orc priest looks braver for a moment.
There is an open door here.
The orc priest mumbles some strange prayers to Beogh against you.
Beogh smites you! The orc misses you. The orc hits you but does no damage.
You hit the orc.
The orc is severely wounded.
You closely miss the orc. The orc hits you with a +0 dagger.
The orc hits you but does no damage. You block the orc's attack.
The orc priest invokes the aid of Beogh against you.
Beogh smites you! The orc completely misses you.
You are too injured to fight recklessly!
You are too injured to fight recklessly!
Unknown command.
The orc hits you with a +0 dagger.
* * * LOW HITPOINT WARNING * * *
You barely miss the orc.
The orc is severely wounded.
You closely miss the orc. The orc hits you with a +0 dagger.
* * * LOW HITPOINT WARNING * * *
The orc priest calls upon Beogh to heal the orc.
The orc's wounds heal themselves!
The orc closely misses you.
You closely miss the orc. You slash the orc!
You kill the orc!
The orc hits you but does no damage.
The orc priest hits you but does no damage.
The orc hits you but does no damage.
You barely miss the orc priest. You closely miss the orc.
The orc hits you but does no damage.
The orc priest hits you with a +0 flail.
You die...

.#.#.#.#.# .#.#.#.#.##
.#.#.#.#..# .#.#.#.#..#
.#.#.#.#..#
..........##### #+##
#####.........# #...##
#.###.###.###.....##
#.###.###.##@o.....# ##
##.##...##.#.)o......
..............'.........
.####.##...##.#.........
.# #.###.###.##.......#
.# #.# #.# #.###.....##
## ... ..# #...## # ##.#
### #+## #.#


You could see an orc priest and an orc.

Vanquished Creatures
  An adder (D:2)
  2 dart slugs (D:1)
  An orc (D:3)
  4 endoplasms
  4 giant cockroaches
  4 goblins
  2 hobgoblins
  2 jackals (D:2)
  2 quokkas
  3 ball pythons (D:1)
  3 bats
  A frilled lizard (D:1)
  5 kobolds
  2 rats (D:2)
36 creatures vanquished.

Notes
Turn   | Place    | Note
-------+----------+-------------------------------------------
     0 | D:1      | LnG the Hill Orc Fighter began the quest for the Orb.
     0 | D:1      | Reached XP level 1. HP: 19/19 MP: 1/1
   246 | D:1      | Reached XP level 2. HP: 27/27 MP: 2/2
  1473 | D:2      | Reached XP level 3. HP: 33/33 MP: 3/3
  1586 | D:2      | Found an ancient bone altar of Kikubaaqudgha.
  1876 | D:2      | Found a faded altar of an unknown god.
  2018 | D:3      | Slain by an orc priest

Illustrated notes

Levels and vault maps discovered:
D:1:      dpeg_arrival_lava_temple_mockup, layout_basic
D:2:      layout_basic, basic_altar, hellmonk_ecumenical_altar_inner_sanctum,
          st_stairs_6
D:3:      layout_loops_corners, grunt_temple_overflow_opulence,
          minmay_misc_feat_rows

Skill      XL: |  1  2  3 |
---------------+----------+-----
Axes           | 3 4 |  4.1
Fighting       | 4 |  4.1
Armour         | |  3.7
Dodging        | |  0.1
Stealth        | |  0.1
Shields        | |  3.5

Action                   || total
-------------------------++-------
Melee: War axe           ||    93
  Use: Scroll            ||     2
Armor: Scale mail        ||    55
Dodge: Dodged            ||    48
Block: Buckler           ||    13

Table legend: (Time is in decaauts)
 A = Elapsed time spent in this place.
 B = Non-inter-level travel time spent in this place.
 C = Inter-level travel time spent in this place.
 D = Time resting spent in this place.
 E = Time spent auto-exploring this place.
 F = Levels seen in this place.
 G = Mean time per level.
                   A        B        C        D        E       F      G
               +--------+--------+--------+--------+--------+-----+--------+
         Total |   2050 |   1954 |     96 |    168 |   1536 |   3 |  683.3 |
       Dungeon |   2050 |   1954 |     96 |    168 |   1536 |   3 |  683.3 |
               +--------+--------+--------+--------+--------+-----+--------+

Top non-repeatable levels by time:
     D:1: 1473 daAuts
     D:2: 501 daAuts
     D:3: 74 daAuts
